AoeStats
← TheQuietRiot

Arabia

506712866Analyzed
1v1 RM · 19d ago on Sep 14, 2026· 17m 55s· 2 players
Game mode
Random Map
Map size
Tiny (2 player)
Population
200
Speed
Normal
Resources
Standard
Victory
Conquest
Starting age
Dark Age
Ending age
Imperial Age
RankedLock teamsTeams togetherTeam positionsShared explorationLock speedFull tech treeHidden civsTurbo modeCheats
Victory
Defeat
🇬🇧 Bengalis · United Kingdom
1023
+14
🇬🇧 Teutons · United Kingdom
986
-14
TheQuietRiot
10:23 Feudal Age
9:50 Loom
11:19 Double-Bit Axe
13:10 Horse Collar
19:03 Castle Age
koenrules
8:14 Loom
10:45 Feudal Age
14:41 Castle Age
15:37 Town Watch
Connection lost

Rejoining the realm…

Still unreachable

The connection could not be restored.

Session expired

The server has moved on; the page needs a fresh start.